Map: 어스름 탑

Players

Solar

  • Race: Zerg Zerg
  • League: Platinum

PartinG - Winner!

  • Race: Protoss Protoss
  • League: Platinum

Event: DreamHack ROCCAT LotV Championship

VOD

Have the link to the VOD?

Description

Time

  • Played on: Nov. 27, 2015, 11:31 a.m.
  • Length: 14:17

All games in this series

Show
View Real Time Build Order
Export as new Build Order

Solar Zerg 

Build Orders: Hatch First, Lurkers 

Get SALT Encoding   

  12  0:00  Drone  
  13  0:12  Overlord  
  13  0:17  Drone  
  14  0:30  Drone  
  14  0:31  Drone  
  14  0:34  Drone  
  17  0:52  Hatchery  
  17  0:54  Drone  
  17  0:59  Drone  
  18  1:14  Spawning Pool  
  18  1:16  Drone  
  18  1:19  Drone  
  19  1:37  Drone  
  20  1:41  Overlord  
  20  2:01  Zergling x2  
  20  2:02  Queen, Zergling x2  
  20  2:04  Queen  
  20  2:05  Drone  
  27  2:10  Drone  
  27  2:15  Drone  
  29  2:21  Drone  
  29  2:22  Extractor  
  29  2:25  Drone  
  30  2:35  Hatchery  
  30  2:36  Drone x2  
  31  2:42  Overlord  
  31  2:48  Drone  
  32  2:54  Drone  
  32  2:58  Drone  
  34  3:02  Queen  
  34  3:04  Drone  
  37  3:08  Drone  
  38  3:14  Drone x3, Overlord  
  38  3:15  Drone x2  
  38  3:16  Drone  
  44  3:22  Overlord  
  44  3:24  Metabolic Boost  
  43  3:33  Drone x2  
  45  3:41  Zergling x2  
  46  3:42  Zergling x2  
  46  3:43  Zergling x4  
  46  3:44  Drone  
  46  3:45  Drone x2  
  46  3:46  Drone  
  53  3:48  Overlord  
  53  3:50  Drone  
  53  3:52  Queen  
  53  3:55  Drone  
  57  3:59  Drone  
  58  4:02  Overlord  
  58  4:06  Drone  
  58  4:07  Lair  
  58  4:09  Drone  
  60  4:10  Extractor x2  
  60  4:13  Drone  
  60  4:15  Overlord  
  60  4:16  Drone x3  
  62  4:19  Spore Crawler  
  62  4:20  Spore Crawler  
  62  4:21  Drone  
  62  4:22  Drone  
  62  4:31  Drone, Roach Warren  
  62  4:32  Evolution Chamber  
  62  4:33  Drone x2  
  62  4:36  Drone x2  
  62  4:37  Drone  
  62  4:40  Drone  
  62  4:43  Extractor  
  61  4:46  Drone x2  
  61  4:50  Spore Crawler, Drone x2  
  61  4:51  Drone x2  
  66  4:53  Overlord  
  66  4:54  Drone  
  66  4:55  Drone  
  66  4:57  Drone x2  
  70  5:02  Drone  
  70  5:03  Zerg Missile Weapons Level 1  
  70  5:04  Drone  
  72  5:07  Hydralisk Den  
  72  5:10  Extractor  
  72  5:11  Extractor  
  72  5:12  Drone x2  
  72  5:13  Drone  
  72  5:16  Overseer  
  72  5:17  Drone x2  
  72  5:18  Drone x2  
  76  5:24  Drone x3, Spire  
  76  5:27  Overlord  
  78  5:37  Drone  
  78  5:39  Overlord  
  79  5:44  Hatchery, Overlord, Lurker Den  
  79  5:48  Zergling x8  
  79  5:49  Zergling x2  
  83  5:50  Zergling x2  
  83  5:52  Zergling x2  
  83  5:55  Overlord  
  85  5:59  Hydralisk x2  
  85  6:00  Hydralisk  
  91  6:04  Hydralisk x2  
  91  6:07  Hydralisk  
  91  6:10  Hydralisk x2  
  101  6:13  Hydralisk  
  101  6:15  Hydralisk  
  101  6:17  Overlord  
  105  6:19  Overlord  
  105  6:23  Overlord  
  105  6:24  Zergling x2  
  106  6:30  Zergling x4  
  107  6:34  Hydralisk  
  107  6:38  Zergling x2  
  107  6:39  Zergling x16  
  118  6:43  Overlord  
  118  6:44  Zergling x2  
  119  6:47  Glial Reconstitution  
  119  6:48  Overlord  
  119  6:53  Zergling x2  
  120  7:00  Zergling x2  
  120  7:01  Zergling x2  
  121  7:05  Zergling x8  
  124  7:12  Overlord, Hydralisk x2  
  124  7:13  Hydralisk x2, Zergling x2  
  133  7:22  Lurker x5  
  140  7:23  Lurker x4  
  140  7:25  Zergling x6  
  140  7:28  Roach x3  
  140  7:29  Roach  
  153  7:36  Roach x5, Zergling x4  
  153  7:37  Zergling x2  
  166  7:40  Overlord  
  166  7:41  Overlord  
  165  7:44  Roach x2  
  165  7:49  Roach  
  158  7:53  Roach x3  
  157  8:02  Zergling x4  
  157  8:05  Hydralisk x3  
  155  8:06  Roach x3  
  155  8:08  Roach  
  155  8:12  Queen  
  159  8:13  Extractor x2  
  159  8:14  Roach x2  
  159  8:16  Hydralisk  
  159  8:17  Hydralisk x2  
  163  8:20  Roach  
  163  8:21  Roach  
  163  8:26  Roach x2  
  162  8:32  Ravager x3  
  162  8:33  Zergling x2  
  164  8:34  Zergling x4  
  164  8:37  Roach  
  163  8:41  Lurker  
  163  8:42  Zergling x12  
  163  8:43  Zergling x4  
  172  8:49  Zerg Missile Weapons Level 2  
  172  8:53  Drone x2, Overlord  
  172  8:54  Overlord  
  172  8:55  Drone  
  175  8:59  Hydralisk x3  
  167  9:05  Roach x3  
  167  9:08  Hydralisk  
  167  9:09  Hydralisk x2  
  158  9:12  Roach  
  158  9:14  Roach  
  158  9:16  Roach  
  158  9:17  Zergling x4  
  150  9:18  Zergling x2  
  150  9:20  Zergling x2  
  150  9:21  Zergling x2  
  149  9:25  Muscular Augments  
  149  9:30  Hydralisk  
  149  9:31  Roach  
  143  9:35  Lurker x3  
  146  9:39  Roach  
  146  9:40  Roach x2  
  146  9:41  Roach  
  146  9:43  Roach  
  155  9:45  Roach  
  155  9:48  Lurker  
  155  9:49  Lurker  
  155  9:50  Zergling x6  
  160  9:54  Hydralisk  
  162  10:01  Hydralisk x3  
  162  10:06  Hydralisk  
  162  10:07  Hydralisk x2  
  162  10:08  Roach  
  162  10:12  Hydralisk x2  
  169  10:21  Roach x4  
  175  10:25  Hydralisk x2  
  175  10:27  Roach  
  174  10:29  Roach  
  174  10:32  Roach x2  
  166  10:35  Roach  
  166  10:41  Roach x3  
  166  10:42  Roach  
  168  10:56  Lurker x3  
  168  10:57  Lurker x2  
  173  10:58  Zergling x2  
  173  10:59  Zergling x12  
  180  11:06  Queen  
  180  11:09  Ravager  
  180  11:10  Ravager x2  
  185  11:11  Ravager  
  185  11:12  Zergling x2  
  185  11:13  Zergling x10  
  185  11:17  Zerg Ground Armor Level 1  
  192  11:24  Hydralisk x3  
  168  11:42  Hydralisk x3  
  168  11:43  Roach x2  
  168  11:46  Roach x2  
  178  11:48  Roach x2  
  178  11:49  Roach x3  
  178  11:52  Roach x2  
  184  11:57  Roach x2  
  184  11:58  Roach  
  184  11:59  Roach  
  182  12:03  Roach x2  
  182  12:06  Hydralisk  
  158  12:22  Drone x2  
  157  12:28  Lurker x2  
  157  12:29  Hatchery, Lurker  
  158  12:36  Lurker x5  
  163  12:40  Zergling x2  
  163  12:41  Zergling x18  
  163  12:44  Lurker  
  174  12:45  Lurker  
  174  12:48  Zergling x2  
  174  12:49  Zergling x8  
  180  13:03  Zergling x14  
  180  13:04  Zergling x2  
  182  13:12  Hydralisk x2  
  182  13:17  Hydralisk x2  
  182  13:18  Hydralisk  
  186  13:22  Hydralisk  
  186  13:25  Hydralisk  
  186  13:26  Hydralisk  
  159  13:31  Hydralisk  
  159  13:32  Hydralisk  
  147  13:35  Hydralisk x2  
  147  13:40  Hydralisk  
  126  13:44  Hydralisk  
  126  13:46  Hydralisk x2  
  121  13:51  Roach x2  
  121  13:52  Hydralisk  
  124  13:57  Lurker x2  
  124  13:58  Roach x2  
  131  14:06  Lurker  
Show
View Real Time Build Order
Export as new Build Order

PartinG Protoss - Winner!

Build Orders: Oracle Opening 

Get SALT Encoding   

  12  0:00  Probe (Chrono Boost)  
  13  0:11  Probe (Chrono Boost)  
  14  0:18  Pylon  
  14  0:21  Probe (Chrono Boost)  
  15  0:36  Probe (Chrono Boost)  
  16  0:46  Probe (Chrono Boost)  
  17  1:01  Probe (Chrono Boost)  
  18  1:11  Nexus  
  18  1:18  Gateway  
  18  1:20  Assimilator  
  18  1:21  Probe (Chrono Boost)  
  19  1:26  Assimilator  
  19  1:33  Pylon  
  19  1:36  Probe (Chrono Boost)  
  20  1:47  Probe (Chrono Boost)  
  21  1:51  Gateway  
  21  1:57  Probe (Chrono Boost)  
  22  2:07  Cybernetics Core  
  22  2:09  Probe (Chrono Boost)  
  23  2:20  Probe (Chrono Boost)  
  24  2:23  Probe (Chrono Boost)  
  25  2:30  Probe (Chrono Boost)  
  25  2:34  Probe (Chrono Boost)  
  25  2:35  Pylon  
  27  2:44  Adept (Chrono Boost)  
  31  2:45  Probe  
  31  2:49  Warp Gate  
  32  2:51  Probe  
  32  2:53  Stalker (Chrono Boost)  
  33  3:02  Probe (Chrono Boost)  
  33  3:03  Stargate  
  34  3:06  Probe (Chrono Boost)  
  35  3:14  Probe (Chrono Boost)  
  35  3:17  Probe (Chrono Boost)  
  35  3:18  Pylon  
  37  3:25  Probe (Chrono Boost)  
  38  3:32  Mothership Core (Chrono Boost)  
  40  3:35  Probe (Chrono Boost), Pylon  
  41  3:42  Pylon  
  41  3:44  Probe (Chrono Boost)  
  41  3:46  Assimilator  
  41  3:47  Oracle (Chrono Boost)  
  45  3:50  Probe  
  45  3:53  Assimilator  
  45  3:54  Probe  
  46  4:02  Probe  
  48  4:05  Probe  
  49  4:14  Probe (Chrono Boost)  
  49  4:15  Nexus  
  49  4:17  Probe (Chrono Boost), Pylon  
  51  4:24  Pylon  
  51  4:26  Probe (Chrono Boost)  
  51  4:28  Probe (Chrono Boost)  
  53  4:34  Robotics Facility  
  53  4:36  Probe (Chrono Boost)  
  55  4:38  Probe (Chrono Boost)  
  55  4:39  Twilight Council  
  55  4:47  Probe (Chrono Boost)  
  55  4:49  Probe (Chrono Boost)  
  55  4:52  Forge  
  57  4:54  Gateway  
  57  4:58  Gateway  
  57  5:00  Pylon  
  57  5:02  Probe x2 (Chrono Boost)  
  57  5:04  Sentry  
  57  5:05  Sentry  
  63  5:13  Probe x2 (Chrono Boost)  
  65  5:14  Protoss Ground Weapons Level 1 (Chrono Boost)  
  65  5:16  Blink (Chrono Boost)  
  65  5:22  Probe (Chrono Boost)  
  65  5:23  Probe (Chrono Boost), Warp Prism  
  69  5:30  Probe  
  69  5:33  Probe  
  69  5:35  Probe  
  72  5:37  Stalker x2  
  76  5:44  Phoenix  
  76  5:47  Probe x3  
  81  5:50  Gateway  
  81  5:56  Gateway  
  81  5:58  Observer  
  81  5:59  Probe x2  
  81  6:00  Probe  
  81  6:03  Gateway  
  85  6:09  Sentry x2  
  89  6:11  Gateway  
  89  6:12  Gateway  
  89  6:17  Assimilator  
  89  6:18  Assimilator  
  89  6:19  Phoenix  
  89  6:23  Probe  
  89  6:24  Probe x2  
  94  6:31  Stalker x2  
  94  6:32  Stalker x2  
  102  6:35  Probe  
  102  6:36  Probe x2  
  102  6:39  Photon Cannon  
  105  6:46  Phoenix  
  107  6:48  Probe x2  
  103  7:08  Stalker  
  103  7:09  Stalker x2  
  103  7:12  Pylon  
  103  7:15  Pylon  
  107  7:18  Pylon  
  107  7:20  Robotics Bay  
  107  7:22  Stalker  
  109  7:27  Pylon  
  109  7:32  Mothership Core, Stalker  
  109  7:33  Stalker x6  
  125  7:45  Stalker x2  
  119  8:00  Stalker  
  119  8:01  Stalker x4  
  119  8:05  Stalker x2  
  129  8:10  Disruptor  
  127  8:14  Stalker x2  
  128  8:30  Stalker x5  
  132  8:45  Stalker, Zealot x3  
  132  8:46  Disruptor  
  133  9:07  Stalker x7  
  137  9:14  Stalker  
  127  9:17  Disruptor  
  130  9:32  Nexus  
  130  9:34  Pylon  
  130  9:35  Pylon  
  130  9:45  Stalker x5  
  140  9:49  Pylon  
  140  9:50  Pylon  
  140  9:51  Pylon  
  140  9:53  Disruptor, Forge  
  140  9:55  Robotics Facility  
  140  9:57  Pylon  
  133  10:14  Zealot x6  
  133  10:15  Zealot x2  
  149  10:26  Disruptor (Chrono Boost), Protoss Ground Weapons Level 2 (Chrono Boost)  
  146  10:41  Probe  
  146  10:42  Probe x2  
  135  10:47  Disruptor (Chrono Boost)  
  138  10:53  Photon Cannon  
  138  10:54  Photon Cannon  
  138  10:56  Photon Cannon  
  138  11:01  Disruptor (Chrono Boost)  
  141  11:04  Sentry x4  
  141  11:05  Stalker  
  141  11:06  Stalker x3  
  157  11:11  Assimilator  
  157  11:16  Pylon  
  157  11:17  Assimilator  
  157  11:19  Gateway  
  157  11:20  Gateway  
  157  11:23  Pylon  
  154  11:27  Pylon  
  142  11:52  Stalker x8  
  141  12:06  Disruptor x2 (Chrono Boost)  
  144  12:17  Stalker x4  
  144  12:18  Stalker x4  
  160  12:24  Stalker x2  
  160  12:28  Nexus  
  164  12:30  Photon Cannon  
  164  12:32  Photon Cannon  
  164  12:34  Photon Cannon  
  164  12:35  Dark Shrine  
  164  12:38  Observer x2 (Chrono Boost)  
  164  12:43  Stalker x6  
  178  12:44  Zealot x2  
  182  12:53  Zealot  
  144  13:27  Stalker x7  
  126  13:44  Stalker x2  
  126  13:45  Stalker  
  128  13:53  Stalker x6  
  128  13:54  Stalker  
  140  14:14  Stalker x2  
  140  14:15  Stalker  

Tags
 
Add a new tag
Caveats
  • Supply blocks, unpowered buildings, or Contaminate may cause inaccurate times.
  • Supply counts are checked every 10 seconds.